 Dungeon Crawl Stone Soup version 0.29-a0-973-gac7da5f7f0 (webtiles) character file.

Game seed: 630905943967506996

91 purpskrrrp the Sneak (level 4, -2/42 HPs)
             Began as a Naga Fighter on Aug 1, 2022.
             Was an Initiate of Gozag.
             Slain by a gnoll
             ... wielding a +0 whip
              (8 damage)
             ... on level 2 of the Dungeon.
             The game lasted 00:04:11 (1896 turns).

purpskrrrp the Sneak (Naga Fighter)                 Turns: 1896, Time: 00:04:11

Health: -2/42      AC:  2    Str: 20    XL:     4   Next: 57%
Magic:  4/4        EV:  9    Int:  8    God:    Gozag
Gold:   381        SH:  5    Dex: 15    Spells: 3/3 levels left

rFire   . . .      SeeInvis +   a - +0 long sword
rCold   + . .      Faith    .   c - +0 buckler
rNeg    . . .      Spirit   .   m - +0 robe "Ulaclio" {Dex+4}
rPois   +          Reflect  .   (no helmet)
rElec   .          Harm     .   (no cloak)
rCorr   .          Rampage  .   (no gloves)
Will    .....                   (no barding)
Stlth   +++.......              (no amulet)
HPRegen 0.14/turn               e - ring of protection from cold
MPRegen 0.09/turn               (no ring)

@: short of breath, very slow
A: AC +1, large, see invisible, deformed body, poison resistance, slowness 2,
spit poison 1, naga tail 1
a: Spit Poison, Renounce Religion, Potion Petition, Call Merchant, Bribe Branch


You were on level 2 of the Dungeon.
You worshipped Gozag.
Gozag was aware of your devotion.
You visited 1 branch of the dungeon, and saw 2 of its levels.

You collected 381 gold pieces.

Inventory:

Hand Weapons
 a - a +0 long sword (weapon)
Armour
 b - a +0 scale mail
 c - a +0 buckler (worn)
 m - the +0 robe "Ulaclio" (worn) {Dex+4}
   (You found it on level 2 of the Dungeon)

   Dex:       It affects your dexterity (+4).
Jewellery
 e - a ring of protection from cold (left hand)
 n - a ring of flight
 q - the amulet "Ydidodif" {Rampage rC- Regen+ Str-3 Int+8}
   (You found it on level 2 of the Dungeon)

   [amulet of regeneration]

   Str:       It affects your strength (-3).
   Int:       It affects your intelligence (+8).
   rC:        It makes you vulnerable to cold.
   Regen:     It increases your rate of health regeneration.
   Rampage:   It bestows one free step when moving towards enemies.
Scrolls
 f - a scroll of noise {unknown}
 g - a scroll of immolation {unknown}
 i - a scroll of blinking {unknown}
 k - 2 scrolls of fear {unknown}
 l - a scroll of poison {unknown}
 o - 2 scrolls of enchant weapon {unknown}
 s - 2 scrolls of identify {unknown}
 t - a scroll of fog {unknown}
Potions
 d - a potion of might
 h - 2 potions of resistance {unknown}
 j - a potion of curing {unknown}
 p - a potion of mutation {unknown}
 r - a potion of attraction {unknown}


   Skills:
 - Level 3.1 Fighting
 - Level 2.0 Long Blades
 - Level 2.5 Armour
 + Level 5.7 Stealth
 - Level 2.8 Shields


You had 3 spell levels left.
You didn't know any spells.
Your spell library was empty.

Dungeon Overview and Level Annotations

Branches:
Dungeon (2/15)

Altars:
Gozag

Annotations:
D:2 1 runed translucent door, Crazy Yiuf


Innate Abilities, Weirdness & Mutations

Your serpentine skin is tough. (AC +1)
You have supernaturally acute eyesight. (SInv)
Armour fits poorly on your strangely shaped body.
Your system is resistant to poisons. (rPois)
You cover ground very slowly.
You can spit poison.
You have a snake-like lower body.


Message History

You now have 381 gold pieces (gained 7).
Found a leather armour.
You see here a +0 leather armour.
Found a stone staircase leading down.
A gnoll comes into view.
It is wielding a +0 flail. 2 gnolls come into view.
You slash the gnoll!
The gnoll is severely wounded.
The gnoll shouts! x2
The gnoll completely misses you. The gnoll hits you with a +0 flail.
The gnoll closely misses you.
You hit the gnoll.
The gnoll is almost dead.
The gnoll hits you but does no damage. The gnoll hits you with a +0 flail.
You hit the gnoll.
You kill the gnoll!
The gnoll hits you with a +0 flail.
You closely miss the gnoll. You block the gnoll's attack.
The gnoll hits you with a +0 whip. You block the gnoll's attack.
The gnoll barely misses you.
You hit the gnoll but do no damage. The gnoll hits you with a +0 flail.
You block the gnoll's attack.
You hit the gnoll.
The gnoll is heavily wounded.
You block the gnoll's attack. The gnoll barely misses you.
You slash the gnoll!
You kill the gnoll!
You block the gnoll's attack. The gnoll hits you with a +0 whip!
The gnoll attacks as you move away! The gnoll hits you with a +0 whip.
* * * LOW HITPOINT WARNING * * *
You barely miss the gnoll. The gnoll hits you with a +0 whip.
* * * LOW HITPOINT WARNING * * *
Okay, then.
Okay, then.
Aiming: Spit Poison (1% risk of failure)
Press: ? - help, Shift-Dir - straight line, f - gnoll
Aim: a gnoll, wielding a +0 whip (65% to hit)
The splash of poison misses the gnoll.
The gnoll hits you with a +0 whip!
You die...
Your body crumbles into a pile of gold.

######## ##
........ .#
######## .. # #
.#.# # ##.#.# #
##....#### ##
#.$$.....# .####
#g# ....# ##@#
.##.#### #..#
.......#### #..#
###.......#
#..#####.
.....#.##.#
#...>....
....##.##.#
#.#.#####
###.##.##.# #.#.#
# #....##.# #.#.#
#
#....##.#####.#.#


You could see a gnoll.

Vanquished Creatures
  3 adders (D:2)
  2 gnolls (D:2)
  An orc (D:2)
  5 endoplasms
  A giant cockroach (D:1)
  6 goblins
  2 hobgoblins
  A quokka (D:2)
  7 ball pythons
  3 bats
  6 frilled lizards
  7 kobolds
  3 rats
47 creatures vanquished.

Notes
Turn   | Place    | Note
-------+----------+-------------------------------------------
     0 | D:1      | purpskrrrp the Naga Fighter began the quest for the Orb.
     0 | D:1      | Reached XP level 1. HP: 21/21 MP: 1/1
    20 | D:1      | Found a faded altar of an unknown god.
    57 | D:1      | Prayed at the altar of an unknown god.
    57 | D:1      | Became a worshipper of Gozag Ym Sagoz the Greedy
   198 | D:1      | Reached XP level 2. HP: 27/28 MP: 2/2
   285 | D:1      | Reached skill level 1 in Stealth
   462 | D:1      | Reached skill level 2 in Stealth
   741 | D:1      | Reached XP level 3. HP: 34/34 MP: 3/3
   773 | D:1      | Reached skill level 3 in Stealth
  1021 | D:2      | Identified the +0 robe "Ulaclio" {Dex+4}
  1147 | D:2      | Identified the amulet "Ydidodif" {Rampage rC- Regen+ Str-3
                  | Int+8}
  1306 | D:2      | Reached skill level 4 in Stealth
  1319 | D:2      | Reached XP level 4. HP: 16/42 MP: 4/4
  1559 | D:2      | Reached skill level 5 in Stealth
  1731 | D:2      | Found a runed translucent door.
  1732 | D:2      | Noticed Crazy Yiuf
  1896 | D:2      | Slain by a gnoll

Illustrated notes

Levels and vault maps discovered:
D:1:      psy_arrival_conway, layout_rooms, hellmonk_ecumenical_altar_crossroads
D:2:      layout_loops_ring, minmay_heptomino_w4, uniq_crazy_yiuf_cottage

Skill      XL: |  1  2  3  4 |
---------------+-------------+-----
Stealth        | 2 4 5 |  5.7
Fighting       | |  3.1
Long Blades    | |  2.0
Armour         | |  2.5
Shields        | |  2.8

Action                   |  1- 3 |  4- 6 || total
-------------------------+-------+-------++-------
Melee: Long sword        |   113 |    18 ||   131
 Abil: Spit Poison       |       |     1 ||     1
 Stab: Sleeping          |     1 |       ||     1
Armor: Scale mail        |    25 |       ||    25
       Robe              |    13 |     4 ||    17
Dodge: Dodged            |    44 |     7 ||    51
Block: Buckler           |    24 |     8 ||    32

Table legend: (Time is in decaauts)
 A = Elapsed time spent in this place.
 B = Non-inter-level travel time spent in this place.
 C = Inter-level travel time spent in this place.
 D = Time resting spent in this place.
 E = Time spent auto-exploring this place.
 F = Levels seen in this place.
 G = Mean time per level.
                   A        B        C        D        E       F      G
               +--------+--------+--------+--------+--------+-----+--------+
         Total |   2324 |   2324 |      0 |     11 |   1923 |   2 | 1162.0 |
       Dungeon |   2324 |   2324 |      0 |     11 |   1923 |   2 | 1162.0 |
               +--------+--------+--------+--------+--------+-----+--------+

Top non-repeatable levels by time:
     D:1: 1170 daAuts
     D:2: 1153 daAuts
